[Event "Team 45 45 League T46"]
[Site "Internet Chess Club"]
[Date "2010.08.04"]
[Round "1"]
[White "Goli"]
[Black "natethegreat"]
[Result "0-1"]
[WhiteElo "1772"]
[BlackElo "1799"]
[Opening "Sicilian: Alapin's variation (2.c3)"]
[ECO "B22"]
[Time "16:30:53"]
[TimeControl "2700+45"]

1. e4 c5 2. c3 d5 3. exd5 Qxd5 4. d4 Nf6 5. Nf3 Nc6 6. Be2 e6 7. O-O Be7 8. h3
O-O 9. Be3 cxd4 10. cxd4 Rd8 11. Nc3 Qd6 12. Rc1 a6 13. a3 b5 14. b4 Bb7 15. Qd2
Nd5 16. Nxd5 Qxd5 17. Rfd1 Rac8 18. Ne1 Qd7 19. Bf3 Bf6 20. d5 exd5 21. Bb6 Re8
22. Bxd5 Ne5 23. Rxc8 Rxc8 24. Bxb7 Qxb7 25. Bd8 Nc4 26. Qe2 Qc6 27. Bxf6 Qxf6
28. Rc1 Rd8 29. Qa2 Qf4 30. Qa1 Rd2 31. Nf3 Ra2 32. Rd1 Rxa1 {White resigns} 0-1

[Event "Team 45 45 League T46"]
[Site "Internet Chess Club"]
[Date "2010.08.05"]
[Round "1"]
[White "soccerisfun"]
[Black "randallsr"]
[Result "1/2-1/2"]
[WhiteElo "1679"]
[BlackElo "1723"]
[Opening "French: Tarrasch"]
[ECO "C03"]
[Time "15:26:06"]
[TimeControl "2700+45"]

1. e4 e6 2. d4 d5 3. Nd2 dxe4 4. Nxe4 Nf6 5. Bg5 Be7 6. Bxf6 Bxf6 7. Nf3 c6 8.
c3 Nd7 9. Nd6+ Ke7 10. Ne4 Re8 11. Bd3 Kf8 12. Qc2 c5 13. dxc5 Qc7 14. b4 b6 15.
Nxf6 Nxf6 16. cxb6 axb6 17. O-O Bb7 18. Be2 Ra3 19. Rfc1 Be4 20. Qb2 Rea8 21.
Nd2 Bb7 22. Bf3 Bxf3 23. Nxf3 Nd5 24. c4 Nf4 25. Ne1 f6 26. g3 Nh3+ 27. Kg2 Ng5
28. Nc2 Qc6+ 29. Kf1 Qxc4+ 30. Kg1 Nf3+ 31. Kg2 Rd3 32. Ne1 Nxe1+ 33. Rxe1 Qd5+
34. Kg1 Rd2 35. Qb3 Raxa2 36. Qxd5 exd5 37. Rxa2 Rxa2 38. Re6 Rb2 39. Rxb6 d4
40. Rb7 Rb1+ 41. Kg2 d3 42. Rd7 Rxb4 43. Rxd3 {Game drawn by mutual agreement}
1/2-1/2

[Event "Team 45 45 League T46"]
[Site "Internet Chess Club"]
[Date "2010.08.08"]
[Round "1"]
[White "Zumbi"]
[Black "Despair"]
[Result "1/2-1/2"]
[WhiteElo "2025"]
[BlackElo "1972"]
[Opening "KP: Nimzovich defense"]
[ECO "B00"]
[Time "10:26:55"]
[TimeControl "2700+45"]

1. e4 Nc6 2. Nf3 g6 3. d4 Bg7 4. Bc4 e6 5. c3 d5 6. exd5 exd5 7. Bb5 Ne7 8. Bg5
O-O 9. Nbd2 Qd6 10. O-O f6 11. Be3 Nf5 12. Re1 Nxe3 13. Rxe3 a6 14. Bd3 Be6 15.
a4 Rfe8 16. Qc2 Kh8 17. Rae1 a5 18. Nb3 b6 19. Bxg6 hxg6 20. Qxg6 Re7 21. Ng5
fxg5 22. Rxe6 Rae8 23. Qxe8+ Rxe8 24. Rxe8+ Kh7 25. R8e6 Qd7 26. Nd2 {Game drawn
by mutual agreement} 1/2-1/2

[Event "Team 45 45 League T46"]
[Site "Internet Chess Club"]
[Date "2010.08.08"]
[Round "1"]
[White "PJ"]
[Black "Tobiasdelmonte"]
[Result "1/2-1/2"]
[WhiteElo "1688"]
[BlackElo "1759"]
[Opening "Sicilian: closed, Korchnoi variation"]
[ECO "B23"]
[Time "14:10:05"]
[TimeControl "2700+45"]

1. e4 c5 2. Nc3 e6 3. g3 d5 4. exd5 exd5 5. Bg2 d4 6. Qe2+ Qe7 7. Nd5 Qxe2+ 8.
Nxe2 Na6 9. a3 Ne7 10. Nef4 Nxd5 11. Nxd5 Bd6 12. O-O O-O 13. d3 Nc7 14. Bd2 Rb8
15. Rfe1 Nxd5 16. Bxd5 Bh3 17. Bg2 Bxg2 18. Kxg2 Rfe8 19. Rxe8+ Rxe8 20. Re1
Rxe1 21. Bxe1 Kf8 22. a4 f5 23. h3 Kf7 24. f3 Ke6 25. b3 g6 26. g4 a6 27. Kf2 b5
28. axb5 axb5 29. Ke2 Bf4 30. Ba5 fxg4 31. fxg4 h5 32. Kf3 Bd6 33. gxh5 gxh5 34.
Ke4 b4 35. Bd8 Bb8 36. Bh4 {Game drawn by mutual agreement} 1/2-1/2

[Event "Team 45 45 League T46"]
[Site "Internet Chess Club"]
[Date "2010.08.10"]
[Round "1"]
[White "eagleeye222001"]
[Black "room-matt"]
[Result "0-1"]
[WhiteElo "1720"]
[BlackElo "1709"]
[Opening "Queen's pawn: London system"]
[ECO "A45"]
[Time "15:50:24"]
[TimeControl "2700+45"]

1. d4 Nf6 2. Bf4 e6 3. Nf3 d5 4. e3 Bd6 5. Ne5 O-O 6. Bd3 Nbd7 7. Nd2 Nb6 8. Qf3
Bd7 9. Qh3 h6 10. Bxh6 gxh6 11. Qxh6 Re8 12. g4 Bf8 13. Qg5+ Bg7 14. h4 Kf8 15.
h5 Ne4 16. Nxe4 dxe4 17. Nxd7+ Nxd7 18. Qxd8 Raxd8 19. Bxe4 c6 20. g5 e5 21. d5
cxd5 22. Bxd5 e4 23. O-O-O Re5 24. Bxb7 Rxg5 25. Bc6 Ke7 26. h6 Bf6 27. h7 Rc5
28. Bxd7 Rxd7 29. Rxd7+ Kxd7 30. h8=Q Bxh8 31. Rxh8 Rf5 32. Rh2 Kd6 33. Kd2 Rd5+
34. Ke2 Rb5 35. b3 a5 36. Rh4 Re5 37. Rf4 f5 38. f3 Kc5 39. c3 Kd5 40. fxe4+
fxe4 41. Rf8 Rh5 42. Kf1 Rh1+ 43. Kg2 Rc1 44. Rf5+ Kd6 45. Rxa5 Rxc3 46. Kf2 Kc6
47. Ra4 Kd5 48. Rc4 Rxc4 49. b4 Rxb4 {White resigns} 0-1

[Event "Team 45 45 League T46"]
[Site "Internet Chess Club"]
[Date "2010.08.08"]
[Round "1"]
[White "Konstantinos"]
[Black "vaknight"]
[Result "0-1"]
[WhiteElo "1741"]
[BlackElo "1724"]
[Opening "Dutch defense"]
[ECO "A84"]
[Time "11:00:52"]
[TimeControl "2700+45"]

1. d4 f5 2. c4 Nf6 3. Nf3 e6 4. e3 Be7 5. Nc3 O-O 6. Be2 d5 7. O-O c6 8. b3 Qe8
9. Bb2 Bd6 10. Rc1 Nbd7 11. cxd5 exd5 12. Na4 Ne4 13. Nc3 Ndf6 14. Nxe4 fxe4 15.
Nd2 Qg6 16. g3 Bh3 17. Re1 Ng4 18. Bxg4 Bxg4 19. Qc2 Qh5 20. f4 Rf6 21. Rf1 Raf8
22. Nxe4 dxe4 23. d5 Qxd5 24. Bxf6 Rxf6 25. Rf2 Bf3 26. Rd2 Qa5 27. Rf2 Ba3 28.
Rcf1 Qc5 29. Qxc5 Bxc5 30. Rxf3 exf3 31. Rxf3 Rd6 32. Kg2 Rd2+ 33. Kh3 Re2 34.
e4 Rxe4 35. Rd3 Rd4 36. Re3 Kf7 37. Re5 Rd5 38. Re2 a5 39. Kg4 Bb4 40. h4 Rd2
41. Re5 Rxa2 42. Rf5+ Ke7 43. Rg5 Bc3 44. Rc5 Bf6 45. Kf5 Kd6 46. Rc4 Re2 47.
Ra4 b6 48. h5 Re3 49. b4 axb4 50. Rxb4 b5 51. g4 h6 52. g5 hxg5 53. fxg5 Re5+
{White resigns} 0-1

[Event "Team 45 45 League T46"]
[Site "Internet Chess Club"]
[Date "2010.08.09"]
[Round "1"]
[White "charles-allen"]
[Black "Karpyan"]
[Result "0-1"]
[WhiteElo "1872"]
[BlackElo "1869"]
[Opening "French: exchange variation"]
[ECO "C01"]
[Time "15:01:38"]
[TimeControl "2700+45"]

1. e4 e6 2. d4 d5 3. exd5 exd5 4. c4 Nf6 5. Nc3 Bb4 6. Bd3 dxc4 7. Bxc4 O-O 8.
Ne2 Nbd7 9. O-O Nb6 10. Bd3 Be6 11. Bg5 h6 12. Bh4 Be7 13. Nf4 Bc4 14. Re1 Bxd3
15. Qxd3 Re8 16. Bg3 c6 17. Re2 Qd7 18. Rae1 Bf8 19. h3 Rxe2 20. Nfxe2 Re8 21.
Be5 Rxe5 22. dxe5 Qxd3 23. exf6 Bc5 {White resigns} 0-1

[Event "Team 45 45 League T46"]
[Site "Internet Chess Club"]
[Date "2010.08.10"]
[Round "1"]
[White "bondguy01"]
[Black "Atlantis"]
[Result "0-1"]
[WhiteElo "1698"]
[BlackElo "1859"]
[Opening "English: Caro-Kann defensive system"]
[ECO "A11"]
[Time "19:00:20"]
[TimeControl "2700+45"]

1. c4 c6 2. g3 d5 3. Bg2 Nf6 4. Nf3 g6 5. b3 Bg7 6. Bb2 O-O 7. O-O Bf5 8. d3 Qc8
9. Nbd2 Bh3 10. Qc2 Bxg2 11. Kxg2 Nbd7 12. Rad1 Re8 13. cxd5 cxd5 14. Qxc8 Raxc8
15. Rc1 Ne4 16. Rxc8 Rxc8 17. Bxg7 Nxd2 18. Nxd2 Kxg7 19. a3 Rc2 20. Rd1 Nc5 21.
d4 Ne6 22. e3 b5 23. Nb1 a5 24. b4 axb4 25. axb4 Rb2 26. Nc3 Nc7 27. Rb1 Rc2 28.
Nd1 e6 29. Nb2 Na6 30. Nd3 Rc4 31. h3 Kf6 32. Kf3 h6 33. h4 Ke7 34. g4 f6 35.
Kg3 g5 36. h5 Kd6 37. Rb3 e5 38. Nb2 Rxb4 39. Rxb4 Nxb4 40. Nd1 exd4 41. exd4
Nc2 42. Kf3 Nxd4+ 43. Ke3 Ke5 44. f3 b4 45. Nb2 Nc2+ 46. Kd3 b3 47. Kc3 Ne1 48.
Kxb3 Kf4 49. Kc3 Nxf3 {White resigns} 0-1

[Event "Team 45 45 League T46"]
[Site "Internet Chess Club"]
[Date "2010.08.05"]
[Round "1"]
[White "Deau"]
[Black "Portola"]
[Result "1/2-1/2"]
[WhiteElo "1560"]
[BlackElo "1831"]
[Opening "Scotch game"]
[ECO "C45"]
[Time "23:36:55"]
[TimeControl "2700+45"]

1. e4 e5 2. Nf3 Nc6 3. d4 exd4 4. Nxd4 Be7 5. Nc3 Nf6 6. Nxc6 dxc6 7. Qxd8+ Bxd8
8. Be2 O-O 9. O-O Re8 10. Rd1 Be6 11. Bf4 Rc8 12. a3 Be7 13. Rd2 a6 14. Rad1 h6
15. h3 Kh8 16. Be3 Red8 17. f4 Rxd2 18. Rxd2 Rd8 19. Rxd8+ Bxd8 20. f5 Bc8 21.
Bc4 Kg8 22. g4 Nd7 23. Bf4 b5 24. Ba2 Kf8 25. e5 Nb6 26. b4 Bb7 27. Ne4 Na4 28.
Nc5 Nxc5 29. bxc5 Be7 30. Be3 Bc8 31. Kg2 a5 32. c3 Bh4 33. Kf1 Bg3 34. Bd4 h5
35. Ke2 hxg4 36. hxg4 g6 37. Bb1 gxf5 38. gxf5 Bf4 39. Kd1 Bg5 40. Be4 Bb7 41.
Kc2 Bf4 42. a4 bxa4 43. Kb2 Ba6 44. Bxc6 Bd3 45. f6 Bf5 46. Bxa4 Be4 47. Bc2 Bc6
48. Kb3 Ke8 49. c4 Kd7 50. Bf5+ Ke8 51. e6 a4+ 52. Ka3 Bc1+ 53. Bb2 Be3 54. Kb4
Bf4 55. e7 Bg3 56. Bc2 Bf2 57. Bxa4 Bxc5+ 58. Kb3 Bd7 59. Bxd7+ Kxd7 60. Be5 c6
61. Kc3 Ba3 62. Kd3 Bc5 63. Ke4 Bf2 64. Kf5 Be3 65. Kg4 Bc5 66. Kg5 Be3+ 67. Bf4
Bd4 68. Kf5 Bf2 69. Bg5 Bd4 70. Kg4 Bc5 71. Kh5 Ke8 72. Kg4 Bd4 73. Kf5 Bc5 74.
Ke4 Kd7 75. Be3 Bd6 76. Kd3 Bc7 77. Bd4 Bf4 78. Kc3 Bc7 79. Kb3 Bd6 80. Ka4 Bc7
81. Kb4 Bd6+ 82. Ka5 Bc7+ 83. Ka6 Bf4 84. Kb7 Bg3 85. e8=Q+ Kxe8 86. Kxc6 Bb8
87. c5 Kd8 88. Kd5 Bf4 89. Be5 Bd2 90. c6 Bb4 91. c7+ Kc8 92. Ke4 Ba5 93. Kf5
Bxc7 94. Bxc7 Kxc7 95. Kg5 Kd7 96. Kf5 Kd6 97. Kf4 Ke6 98. Ke4 Kxf6 99. Kf4 Kg6
100. Kg4 f5+ 101. Kf4 Kf6 102. Kf3 Ke5 103. Ke3 f4+ 104. Kf3 Kf5 105. Kf2 Ke4
106. Ke2 f3+ 107. Kf2 Kf4 108. Kf1 Kg3 109. Kg1 f2+ 110. Kf1 Kf3 {White
stalemated} 1/2-1/2

[Event "Team 45 45 League T46"]
[Site "Internet Chess Club"]
[Date "2010.08.08"]
[Round "1"]
[White "Lionskins"]
[Black "edelgado"]
[Result "1-0"]
[WhiteElo "1611"]
[BlackElo "1550"]
[Opening "Réti opening"]
[ECO "A06"]
[Time "17:05:26"]
[TimeControl "2700+45"]

1. Nf3 d5 2. e3 c5 3. c3 Nc6 4. Bb5 Qc7 5. d4 Bg4 6. dxc5 e6 7. b4 a6 8. Qa4
Bxf3 9. gxf3 Nf6 10. Na3 g6 11. Bb2 Bg7 12. Nc2 Nd7 13. Nd4 Nxd4 14. cxd4 O-O
15. Bxd7 {Black resigns} 1-0

[Event "Team 45 45 League T46"]
[Site "Internet Chess Club"]
[Date "2010.08.06"]
[Round "1"]
[White "Troparion"]
[Black "chessateer"]
[Result "1/2-1/2"]
[WhiteElo "1798"]
[BlackElo "1877"]
[Opening "Queen's pawn, Mason variation"]
[ECO "D00"]
[Time "11:11:02"]
[TimeControl "2700+45"]

1. d4 d5 2. Bf4 Nf6 3. e3 e6 4. Nd2 c5 5. c3 Nc6 6. Bd3 Bd6 7. Bg3 e5 8. dxe5
Nxe5 9. Bb5+ Bd7 10. Bxd7+ Qxd7 11. Qe2 O-O 12. Ngf3 Rfe8 13. O-O Rad8 14. Rfe1
Nxf3+ 15. Qxf3 Bxg3 16. Qxg3 Ne4 17. Nxe4 dxe4 18. h3 Re6 19. Qg4 Qc6 20. Red1
Red6 21. Rxd6 Rxd6 22. Rd1 Rd3 23. c4 g6 24. Qe2 Qd7 25. Rxd3 exd3 26. Qd2 a6
27. f3 b5 28. b3 bxc4 29. bxc4 Qa4 30. Qxd3 Qxa2 31. Qd6 Qa1+ 32. Kh2 a5 33.
Qxc5 a4 34. Qb5 a3 35. c5 Qe5+ 36. f4 Qxe3 37. Qb8+ Kg7 38. c6 a2 39. Qb2+ Kf8
40. Qxa2 Qxf4+ 41. g3 Qc7 42. Qa3+ Ke8 43. Qa8+ Ke7 44. Qa3+ Ke6 45. Qc5 Qd6 46.
Qc4+ Ke7 47. c7 Qd2+ 48. Kh1 Qe1+ 49. Kh2 Qf2+ 50. Kh1 Qe1+ 51. Kh2 Qf2+ 52. Kh1
Qe1+ {Game drawn by repetition} 1/2-1/2

[Event "Team 45 45 League T46"]
[Site "Internet Chess Club"]
[Date "2010.08.08"]
[Round "1"]
[White "ddlj81"]
[Black "Mat55"]
[Result "0-1"]
[WhiteElo "1800"]
[BlackElo "1800"]
[Opening "Ruy Lopez: Berlin defense, Beverwijk variation"]
[ECO "C64"]
[Time "13:01:03"]
[TimeControl "2700+45"]

1. e4 e5 2. Nf3 Nc6 3. Bb5 Bc5 4. O-O Nf6 5. Nxe5 Nxe5 6. d4 a6 7. Ba4 b5 8. Bb3
Bxd4 9. Qxd4 d6 10. c3 Bb7 11. Bc2 O-O 12. Bg5 c5 13. Qd1 h6 14. Bxf6 Qxf6 15.
Nd2 Rfe8 16. Re1 Rad8 17. Nf1 d5 18. Qc1 dxe4 19. Bxe4 Nd3 20. Bxd3 Rxe1 21.
Qxe1 Rxd3 22. Rd1 Qg5 23. f3 Bxf3 24. Rd2 Rxd2 25. Qxd2 Qxd2 26. Nxd2 Bd5 27. a3
Kf8 28. Kf2 f5 29. g3 g5 30. Ke3 Ke7 31. Nf1 Ke6 32. Nd2 Ke5 33. Kf2 c4 34. Ke2
h5 35. Ke3 f4+ 36. gxf4+ gxf4+ 37. Kf2 Kf5 38. Kg1 Kg4 39. Kf2 Kh3 40. Kg1 a5
41. Nf1 a4 42. Nd2 h4 43. Nf1 Bc6 44. Nd2 Bg2 45. Nb1 f3 46. Nd2 Kg4 47. Ne4 Kf4
48. Nd6 Ke3 49. Nf5+ Ke2 50. Nd4+ Ke1 51. Nc2+ Kd2 52. Nd4 Kc1 53. Nxb5 Kxb2 54.
Kf2 Bh3 55. Kxf3 Bd7 56. Nd6 Kxa3 57. Nxc4+ Kb3 58. Nb6 a3 59. Nxd7 a2 60. Kg4
a1=Q 61. Nf6 Qg1+ 62. Kxh4 Qf1 63. Kg5 Qc1+ 64. Kh5 Qxc3 65. Ng4 Qh3+ 66. Kg5
Kc3 67. Kf4 Kd4 68. Kg5 Kd5 69. Nf6+ Ke6 70. Ng4 Kf7 71. Ne5+ Kf8 72. Ng4 Kg7
73. Kf4 Kg6 74. Ne5+ Kh5 75. Nf3 Qg4+ 76. Ke3 Qf5 77. Ke2 Kg4 78. Nd2 Qe5+ 79.
Kd3 Qxh2 80. Ne4 Kf4 81. Nd2 Qf2 82. Nc4 Qc5 83. Nd2 Qd5+ 84. Kc3 Ke3 85. Nc4+
Ke2 86. Kb4 Kd3 87. Nb2+ Kc2 88. Nc4 Qc6 89. Na3+ Kd3 90. Kb3 Qb6+ 91. Ka2 Qb4
92. Nb1 Kc2 93. Na3+ Kc1 {White resigns} 0-1

[Event "Team 45 45 League T46"]
[Site "Internet Chess Club"]
[Date "2010.08.08"]
[Round "1"]
[White "alexping"]
[Black "touchthis"]
[Result "1-0"]
[WhiteElo "1800"]
[BlackElo "1697"]
[Opening "Budapest: Rubinstein variation"]
[ECO "A52"]
[Time "12:08:38"]
[TimeControl "2700+45"]

1. d4 Nf6 2. c4 e5 3. dxe5 Ng4 4. Bf4 Nc6 5. Nf3 Bb4+ 6. Nc3 Bxc3+ 7. bxc3 Qe7
8. e3 Ngxe5 9. Nxe5 Nxe5 10. Qd5 d6 11. c5 O-O 12. cxd6 cxd6 13. Be2 Be6 14. Qd4
f6 15. Bg3 Rfd8 16. O-O a6 17. Rfd1 Rac8 18. f4 Nc6 19. Qd2 f5 20. Qe1 Qf7 21.
Bh4 Rd7 22. Qd2 Na5 23. Bf3 Nc4 24. Qc1 Qe8 25. Rd4 d5 26. Be2 Rdc7 27. Bxc4
Rxc4 28. Rxc4 dxc4 29. Qc2 Qc6 30. Rd1 Re8 31. Rd4 g6 32. Bf6 Bd5 33. Be5 Be4
34. Qd2 Bd3 35. Rd6 Qb5 36. h4 Qc5 37. Rd7 Re7 38. Rd8+ Kf7 39. Bd4 Qc7 40. Rd5
Qc6 41. Rc5 Qd6 42. Qb2 b5 43. Qb4 Qd7 44. Be5 Qb7 45. Qa5 Be4 46. Qd8 Qd7 47.
Qh8 Rxe5 48. fxe5 Bc6 49. Qf6+ Ke8 50. Rxc6 {Black resigns} 1-0

[Event "Team 45 45 League T46"]
[Site "Internet Chess Club"]
[Date "2010.08.08"]
[Round "1"]
[White "Theodulf"]
[Black "misuc56"]
[Result "0-1"]
[WhiteElo "1613"]
[BlackElo "1756"]
[Opening "Sicilian"]
[ECO "B54"]
[Time "08:02:48"]
[TimeControl "2700+45"]

1. e4 c5 2. Nf3 d6 3. d4 cxd4 4. Nxd4 Nc6 5. c4 g6 6. Nc3 Bg7 7. Be3 Bd7 8. Be2
a6 9. O-O Rb8 10. Rc1 Nf6 11. f3 h5 12. Qd2 Ne5 13. f4 Neg4 14. f5 Nxe3 15. Qxe3
Bh6 16. Qg3 h4 17. Qf2 Bxc1 18. Rxc1 gxf5 19. Nxf5 Bxf5 20. Qxf5 Qb6+ 21. Kh1
Qxb2 22. Qf4 h3 23. c5 hxg2+ 24. Kg1 Rc8 25. Qe3 Rxc5 26. Kxg2 Rxh2+ 27. Kg1 Rh8
28. e5 Rxe5 29. Ne4 Rxe4 30. Bb5+ axb5 {White resigns} 0-1

[Event "Team 45 45 League T46"]
[Site "Internet Chess Club"]
[Date "2010.08.08"]
[Round "1"]
[White "GreatBendini"]
[Black "Wheels"]
[Result "1/2-1/2"]
[WhiteElo "1801"]
[BlackElo "1897"]
[Opening "Sicilian: Canal-Sokolsky attack, 3...Bd7"]
[ECO "B52"]
[Time "21:04:15"]
[TimeControl "2700+45"]

1. e4 c5 2. Nf3 d6 3. Bb5+ Bd7 4. Bxd7+ Qxd7 5. O-O Nc6 6. c3 Nf6 7. Re1 e6 8.
d4 cxd4 9. cxd4 d5 10. e5 Ne4 11. Nbd2 Nxd2 12. Bxd2 Be7 13. Rc1 O-O 14. a3 Rac8
15. b4 a6 16. h3 h6 17. Qb3 Qc7 18. g4 Qb6 19. Qd3 Qd8 20. Kg2 Na7 21. Rxc8 Qxc8
22. g5 hxg5 23. Bxg5 Qd7 24. Rc1 Rc8 25. Rxc8+ Nxc8 26. h4 Qc7 27. h5 Qd8 28.
Bxe7 Qxe7 29. Kg3 Qd8 30. Kg4 Ne7 31. Ng5 Nf5 32. Qc3 Nh6+ 33. Kh4 b6 34. f4 Qd7
35. Nf3 Qe7+ 36. Kh3 Qd7 37. Nh4 Kh7 {Game drawn by mutual agreement} 1/2-1/2

[Event "Team 45 45 League T46"]
[Site "Internet Chess Club"]
[Date "2010.08.07"]
[Round "1"]
[White "Grenadier"]
[Black "Magagna"]
[Result "1/2-1/2"]
[WhiteElo "1744"]
[BlackElo "1866"]
[Opening "French: advance, Milner-Barry gambit"]
[ECO "C02"]
[Time "20:04:00"]
[TimeControl "2700+45"]

1. e4 e6 2. d4 d5 3. e5 c5 4. c3 Nc6 5. Nf3 Qb6 6. Bd3 Bd7 7. dxc5 Bxc5 8. Qe2
a6 9. b4 Be7 10. Bf4 d4 11. a3 Rc8 12. O-O dxc3 13. Nxc3 Nd4 14. Nxd4 Qxd4 15.
Ne4 Bc6 16. Rac1 f5 17. exf6 Nxf6 18. Nxf6+ Qxf6 19. Be5 Qf7 20. Be4 O-O 21.
Bxc6 bxc6 22. Qxa6 c5 23. bxc5 Bxc5 24. Rxc5 Rxc5 25. Bd6 Rcc8 26. Bxf8 Rxf8 27.
a4 Qd7 28. a5 Rc8 29. h4 Rc6 30. Qb5 Qc8 31. Rb1 Ra6 32. Re1 Qa8 33. Qd7 Qc6 34.
Qe7 h6 35. Re3 Qd6 36. Qe8+ Kh7 37. h5 Rxa5 38. Qg6+ Kh8 39. Rg3 Ra1+ 40. Kh2
Qe5 41. f4 Qd4 42. Qe8+ Kh7 43. Qg6+ Kh8 44. Qe8+ Kh7 45. Qxe6 Ra4 46. Qe8 Ra7
47. Qe3 Qxe3 48. Rxe3 g6 49. hxg6+ Kxg6 50. g4 Ra6 51. Kg3 h5 52. gxh5+ Kxh5 53.
Re5+ Kg6 54. Kg4 Kf6 55. Rh5 Ra1 56. Rh6+ Kg7 57. Rb6 Ra5 58. f5 Ra1 59. Rb4
Rg1+ 60. Kf4 Rf1+ 61. Kg5 Rg1+ 62. Rg4 Rxg4+ 63. Kxg4 Kf6 64. Kf4 Kf7 65. Kg5
Kg7 66. f6+ Kf7 67. Kf5 Kf8 {Game drawn by mutual agreement} 1/2-1/2

[Event "Team 45 45 League T46"]
[Site "Internet Chess Club"]
[Date "2010.08.09"]
[Round "1"]
[White "gerailen0075"]
[Black "b-spot"]
[Result "1-0"]
[WhiteElo "1813"]
[BlackElo "1767"]
[Opening "Sicilian: Najdorf, Lipnitzky attack"]
[ECO "B86"]
[Time "20:00:25"]
[TimeControl "2700+45"]

1. e4 c5 2. Nf3 d6 3. d4 cxd4 4. Nxd4 Nf6 5. Nc3 a6 6. Bc4 e6 7. Bb3 Nbd7 8. Qe2
Nc5 9. Bg5 Be7 10. f4 Qc7 11. e5 dxe5 12. fxe5 Nxb3 13. axb3 Nd7 14. Bxe7 Kxe7
15. Nf5+ Kf8 16. Nd6 Qc5 17. Rf1 Nxe5 18. O-O-O f6 19. Rd5 exd5 20. Qxe5 {Black
resigns} 1-0

[Event "Team 45 45 League T46"]
[Site "Internet Chess Club"]
[Date "2010.08.07"]
[Round "1"]
[White "BrerRabbit"]
[Black "TwoEqualsOne"]
[Result "1/2-1/2"]
[WhiteElo "1505"]
[BlackElo "1733"]
[Opening "English: ultra-symmetrical variation"]
[ECO "A36"]
[Time "19:02:16"]
[TimeControl "2700+45"]

1. c4 c5 2. g3 g6 3. Bg2 Bg7 4. Nc3 Nc6 5. a3 d6 6. Rb1 a6 7. Nf3 e6 8. O-O Nge7
9. Qc2 O-O 10. b4 Rb8 11. bxc5 dxc5 12. d3 Nd4 13. Nxd4 Qxd4 14. Bb2 Qd7 15. Na4
Qc7 16. Bxg7 Kxg7 17. Nb6 Nc6 18. Qc3+ Kg8 19. Rb2 Bd7 20. Nxd7 Qxd7 21. Rfb1
Rfc8 22. Rb6 Qc7 23. Qb2 Nb4 24. Rxb7 Rxb7 25. Bxb7 Qxb7 26. axb4 Rb8 27. b5
axb5 28. Qxb5 Qxb5 29. cxb5 Kf8 30. Kf1 Ke7 31. Ke1 Kd6 32. Kd2 Kd5 33. e3 c4
34. Kc3 cxd3 35. Kxd3 e5 36. f3 f5 37. Kc3 Kc5 38. b6 Rxb6 39. Rxb6 Kxb6 40. Kc4
Kc6 41. e4 h6 42. h3 f4 43. gxf4 exf4 44. h4 Kd6 45. Kd3 Ke5 46. Ke2 g5 47. hxg5
hxg5 48. Kf2 g4 49. fxg4 Kxe4 50. g5 Kf5 51. g6 Kxg6 52. Kf3 Kg5 53. Kf2 Kg4 54.
Kg2 f3+ 55. Kf2 Kf4 56. Kf1 Ke3 57. Ke1 {Game drawn by mutual agreement} 1/2-1/2